[Event "*** Titled Tuesday Blitz"]
[Site "Chess.com"]
[Date "2018.05.01"]
[Round "1"]
[White "juniortay"]
[Black "bascheyaro"]
[Result "0-1"]
[WhiteElo "2358"]
[BlackElo "2677"]
[TimeControl "180+2"]
[EndTime "13:01:58 PDT"]
[Termination "bascheyaro won by resignation"]

1. e4 e6 2. Nf3 d5 3. Nc3 c5 4.
exd5 exd5 5. Bb5+ Nc6 6. Qe2+ Be7 7. Ne5 Bd7 8. Nxd5 Nxe5 9. Qxe5 Bxb5 10. Nc7+ Kf8 11. Nxb5 Qb6 12. Nc3 Bf6 13. Qg3 Re8+ 14. Kf1 Bxc3 15. bxc3 Qe6 16. Ba3 Qe2+ 17. Kg1 Qe1+ 0-1

[Event "*** Titled Tuesday Blitz"]
[Site "Chess.com"]
[Date "2018.05.01"]
[Round "1"]
[White "amiralfio"]
[Black "Last7Samurai"]
[Result "0-1"]
[WhiteElo "2341"]
[BlackElo "2663"]
[TimeControl "180+2"]
[EndTime "13:01:58 PDT"]
[Termination "Last7Samurai won by checkmate"]

1. d4 d5 2. Nf3 Nf6 3. c4 c6 4. Nc3 e6 5. e3 Nbd7 6. Qc2 Bd6 7. g4 dxc4 8. g5 Nd5 9. Bxc4 b5 10. Be2 Bb7 11. Bd2 a6 12. O-O-O c5 13. dxc5 Nxc5 14. e4 Nb4 15. Qb1 Rc8 16. a3 Nb3# 0-1

[Event "*** Titled Tuesday Blitz"]
[Site "Chess.com"]
[Date "2018.05.01"]
[Round "1"]
[White "MartinMatthiesen"]
[Black "michaelq2d5"]
[Result "0-1"]
[WhiteElo "2364"]
[BlackElo "2687"]
[TimeControl "180+2"]
[EndTime "13:02:33 PDT"]
[Termination "michaelq2d5 won by resignation"]

1. d4 Nf6 2. c4 e6 3. Nc3 Bb4 4. Qc2 O-O 5. Nf3 d5 6. cxd5 exd5 7. Bf4 c5 8. dxc5 Nc6 9. e3 Re8 10. O-O-O Qa5 11. Kb1 Bxc3 12. Qxc3 Qxc3 13. bxc3 Ne4 14. Bg3 Nxc3+ 0-1

[Event "*** Titled Tuesday Blitz"]
[Site "Chess.com"]
[Date "2018.05.01"]
[Round "1"]
[White "Er_is_geen_hoop_meer"]
[Black "sandromareco"]
[Result "1-0"]
[WhiteElo "2343"]
[BlackElo "2631"]
[TimeControl "180+2"]
[EndTime "13:02:36 PDT"]
[Termination "Er_is_geen_hoop_meer won by resignation"]

1. b4 e6 2. Bb2 Nf6 3. a3 d5 4. e3 Bd6 5. g4 O-O 6. g5 Ne8 7.
h4 a5 8. b5 c5 9. f4 b6 10. Bg2 Bb7 11. h5 Nd7 12. Nf3 Qe7 13.
Qe2 e5 14. Nh4 g6 15. hxg6 fxg6 16. Nc3 Nc7 17. O-O-O exf4 18. Nxg6 hxg6 19. Nxd5 Qxg5 20. Rh8+ Kf7 21. Rh7+ Ke8 22. exf4+ 1-0

[Event "*** Titled Tuesday Blitz"]
[Site "Chess.com"]
[Date "2018.05.01"]
[Round "1"]
[White "PchelkinVK"]
[Black "EmeseBalogh"]
[Result "1-0"]
[WhiteElo "2435"]
[BlackElo "1969"]
[TimeControl "180+2"]
[EndTime "13:02:37 PDT"]
[Termination "PchelkinVK won by resignation"]

1. d4 d6 2. Nc3 g6 3. e4 Bg7 4.
f4 Nf6 5. Nf3 Bg4 6. Be2 O-O 7.
e5 dxe5 8. dxe5 Qxd1+ 9. Bxd1 Nfd7 10. Nd5 Na6 11. Nxe7+ Kh8 12. Nd5 c6 13. Ne3 Bxf3 14. Bxf3 Rfe8 15. O-O Rad8 16. Nc4 h5 17. Nd6 Re7 18.
Nxb7 Nb4 1-0

[Event "*** Titled Tuesday Blitz"]
[Site "Chess.com"]
[Date "2018.05.01"]
[Round "1"]
[White "DenksportAcademie"]
[Black "TrimitziosP7"]
[Result "0-1"]
[WhiteElo "2233"]
[BlackElo "2540"]
[TimeControl "180+2"]
[EndTime "13:03:15 PDT"]
[Termination "TrimitziosP7 won by resignation"]

1. b3 d5 2. Bb2 Bf5 3. Nf3 Nf6 4. g3 h6 5. Bg2 e6 6. d3 c6 7. Nbd2 Be7 8. O-O O-O 9. Re1 Bh7 10. e4 Nbd7 11. e5 Ne8 12. Qe2 Nc7 13. c4 Nc5 14. d4 Nd3 15. Reb1 Nxb2 16. Rxb2 Ba3 17. Rbb1 Bxb1 18. Rxb1 Be7 19. Nf1 b5 20. c5 a5 21. a3 b4 22. a4 Qc8 23. Ne3 Qa6 24. Qc2 Qc8 25. Ne1 f6 26. f4 fxe5 27. fxe5 Qe8 28.
Nd3 Bg5 29. Qe2 Qg6 30. Rf1 Rxf1+ 31. Bxf1 Rf8 32. Bg2 Ne8 33. Ne1 Qb1 0-1

[Event "*** Titled Tuesday Blitz"]
[Site "Chess.com"]
[Date "2018.05.01"]
[Round "1"]
[White "robbykevlishvili"]
[Black "toad"]
[Result "1-0"]
[WhiteElo "2531"]
[BlackElo "2217"]
[TimeControl "180+2"]
[EndTime "13:03:34 PDT"]
[Termination "robbykevlishvili won by resignation"]

1. e4 c5 2. Nf3 d6 3. d4 cxd4 4. Nxd4 Nf6 5. Nc3 a6 6. Bc4 e6 7. Bb3 Nbd7 8. f4 Nc5 9. e5 Nxb3 10. axb3 Nd7 11. Be3 dxe5 12. fxe5 Nxe5 13. Qh5 Ng6 14.
O-O-O Qh4 15. Qe2 Be7 16. g3 Qf6 17. h4 h6 18. h5 Ne5 19. Ne4 1-0

[Event "*** Titled Tuesday Blitz"]
[Site "Chess.com"]
[Date "2018.05.01"]
[Round "1"]
[White "Federtiu"]
[Black "Too_Stupid_To_Play"]
[Result "1-0"]
[WhiteElo "2524"]
[BlackElo "2206"]
[TimeControl "180+2"]
[EndTime "13:04:19 PDT"]
[Termination "Federtiu won by resignation"]

1. e4 e5 2. f4 d5 3. exd5 e4 4.
d3 Nf6 5. dxe4 Nxe4 6. Qe2 Qxd5 7. Nd2 f5 8. Nxe4 Qxe4 9. Qxe4+ fxe4 10. Bd2 Bc5 11. Bc4 Bd7 12. O-O-O Nc6 13. Re1 O-O-O 14.
Rxe4 Rhe8 15. Rxe8 Rxe8 16. Nf3 Bg4 17. Rf1 Nd4 18. Nxd4 Bxd4 19. c3 Bc5 20. f5 Rf8 21. h3 Bxf5 22. Rxf5 1-0

[Event "*** Titled Tuesday Blitz"]
[Site "Chess.com"]
[Date "2018.05.01"]
[Round "1"]
[White "PrinceCharming92"]
[Black "Abdodi"]
[Result "1-0"]
[WhiteElo "2447"]
[BlackElo "2025"]
[TimeControl "180+2"]
[EndTime "13:04:34 PDT"]
[Termination "PrinceCharming92 won by resignation"]

1. e4 c6 2. d4 d5 3. exd5 cxd5 4. c4 Nf6 5. Nc3 Nc6 6. Nf3 g6 7. c5 Bg7 8. Be2 O-O 9. O-O Qc7 10. Bg5 Rd8 11. Nb5 Qd7 12. Re1 a6 13. Nc3 Ne4 14. Be3 Nxc3 15. bxc3 Qc7 16. Qd2 Bg4 17.
h3 Be6 18. Rab1 Rab8 19. Bh6 a5 20. Rb6 Na7 21. Bf4 Qc8 22. Bxb8 Qxb8 23. Reb1 Bc8 24.
c6 Qc7 25. cxb7 1-0

[Event "*** Titled Tuesday Blitz"]
[Site "Chess.com"]
[Date "2018.05.01"]
[Round "1"]
[White "XiaoKangZhong"]
[Black "Justmig"]
[Result "0-1"]
[WhiteElo "2185"]
[BlackElo "2515"]
[TimeControl "180+2"]
[EndTime "13:04:41 PDT"]
[Termination "Justmig won by checkmate"]

1. e4 c6 2. d4 d5 3. Nc3 dxe4 4.
Nxe4 Bf5 5. Ng3 Bg6 6. h4 h6 7. Nf3 e6 8. Ne5 Bh7 9. Bc4 Nf6 10. Qe2 Nd5 11. h5 Nd7 12. Nxd7 Qxd7 13. c3 Be7 14. Bd2 O-O 15. Ne4 Nf6 16. Nxf6+ Bxf6 17. g4 c5 18. dxc5 Qc6 19. Rg1 Qxc5 20. O-O-O Rac8 21. Bb3 b5 22. Bc2 Bxc2 23. Kxc2 b4 24. g5 bxc3 25. gxf6 cxd2+ 26. Kb1 Qc2+ 27. Ka1 Qc1+ 28. Rxc1 dxc1=Q+ 29. Rxc1 Rxc1# 0-1

[Event "*** Titled Tuesday Blitz"]
[Site "Chess.com"]
[Date "2018.05.01"]
[Round "1"]
[White "Alexander_Donchenko"]
[Black "StoreySniper"]
[Result "1-0"]
[WhiteElo "2671"]
[BlackElo "2350"]
[TimeControl "180+2"]
[EndTime "13:04:56 PDT"]
[Termination "Alexander_Donchenko won by resignation"]

1. Nf3 g6 2. g3 Bg7 3. Bg2 c5 4. c4 Nc6 5. Nc3 Rb8 6. O-O a6 7. e3 b5 8. cxb5 axb5 9. d4 cxd4 10. exd4 b4 11. Ne4 Nf6 12. Nxf6+ Bxf6 13. Bh6 Rb5 14. d5 Ne5 15. Re1 Ng4 16. Nd4 Nxh6 17. Nxb5 Qb6 18.
d6 Qxb5 19. Qc1 O-O 20. dxe7 Re8 21. Qxh6 Bxb2 22. Rad1 Bb7 23. Bxb7 Qxb7 24. Qd2 Bc3 25. Qxd7 Qxd7 26. Rxd7 Bf6 27. Rd8 1-0

[Event "*** Titled Tuesday Blitz"]
[Site "Chess.com"]
[Date "2018.05.01"]
[Round "1"]
[White "Pudor"]
[Black "LADIESGET2KNOWME"]
[Result "0-1"]
[WhiteElo "2207"]
[BlackElo "2525"]
[TimeControl "180+2"]
[EndTime "13:04:58 PDT"]
[Termination "LADIESGET2KNOWME won by resignation"]

1. d4 Nf6 2. c4 g6 3. Nc3 Bg7 4. e4 O-O 5. Nf3 d6 6. Be2 e5 7. O-O Nc6 8. d5 Ne7 9. Ne1 Nd7 10. Nd3 f5 11. Bd2 Nf6 12. f3 f4 13. g4 fxg3 14.
hxg3 c6 15. Kg2 b5 16. dxc6 bxc4 17. Nb4 a5 18. Bxc4+ Kh8 19. Nbd5 Nxc6 20. Bg5 Nxd5 21. Bxd5 Qxg5 22. Bxc6 Rb8 23. b3 Ba6 24. Re1 Rbc8 25. Bb5 Rxc3 26. Bxa6 d5 27. exd5 Rcxf3 28. Qxf3 Rxf3 29.
Kxf3 e4+ 30. Kxe4 Bxa1 31. Rxa1 Qf5+ 32. Ke3 Qe5+ 0-1

[Event "*** Titled Tuesday Blitz"]
[Site "Chess.com"]
[Date "2018.05.01"]
[Round "1"]
[White "colegiodemadrid"]
[Black "JoachimBN"]
[Result "1-0"]
[WhiteElo "2298"]
[BlackElo "2551"]
[TimeControl "180+2"]
[EndTime "13:05:09 PDT"]
[Termination "colegiodemadrid won by resignation"]

1. e4 g6 2. d4 Bg7 3. Nc3 c5 4.
Nf3 cxd4 5. Nxd4 Nc6 6. Be3 Nf6 7.
Bc4 O-O 8. Bb3 Qa5 9. O-O d6 10. Nd5 Nxd5 11. exd5 Ne5 12. h3 Qc7 13. Qe2 Nd7 14.
c3 Nc5 15. Bc2 e5 16. dxe6 fxe6 17. Nb5 Qe7 18. Rad1 d5 19. Bd4 e5 20. Bxc5 Qxc5 21. Rxd5 Qe7 22. Rdd1 Be6 23. Bb3 Bxb3 24. axb3 a6 25.
Nd6 Rad8 26. Ne4 Kh8 27. b4 h6 28. Rxd8 Rxd8 29. Rd1 Kh7 30. Rxd8 Qxd8 31. Qd2 Qc8 32. Qd5 Qf5 33. Qxb7 Qf4 34. g3 Qc1+ 35. Kg2 Qc2 36. Nf6+ 1-0

[Event "*** Titled Tuesday Blitz"]
[Site "Chess.com"]
[Date "2018.05.01"]
[Round "1"]
[White "JozefKneht"]
[Black "HarutyunianTigranK"]
[Result "0-1"]
[WhiteElo "2374"]
[BlackElo "2721"]
[TimeControl "180+2"]
[EndTime "13:05:10 PDT"]
[Termination "HarutyunianTigranK won by resignation"]

1. d4 Nf6 2. Bf4 e6 3. Nf3 c5 4. e3 b6 5. c3 Be7 6. Nbd2 O-O 7.
Bd3 Ba6 8. Bxa6 Nxa6 9. h3 d6 10. O-O Nc7 11. a4 cxd4 12. exd4 Ncd5 13. Bh2 Qc7 14. Re1 a6 15. Qb3 b5 16. axb5 axb5 17. Nf1 Qb7 18. Ne3 Nxe3 19. Rxe3 Rxa1+ 20. Re1 Rfa8 0-1

[Event "*** Titled Tuesday Blitz"]
[Site "Chess.com"]
[Date "2018.05.01"]
[Round "1"]
[White "Albertu"]
[Black "Maghalashvili"]
[Result "1-0"]
[WhiteElo "2308"]
[BlackElo "2608"]
[TimeControl "180+2"]
[EndTime "13:05:17 PDT"]
[Termination "Albertu won by resignation"]

1. e4 c5 2. Nf3 e6 3. d4 cxd4 4. Nxd4 a6 5. Nc3 Qc7 6. g3 Nf6 7. Bg2 d6 8. O-O Be7 9. Be3 O-O 10. g4 Nc6 11. g5 Nd7 12. f4 Na5 13. Rf3 b5 14.
Rh3 g6 15. Qe1 Bb7 16. Qh4 h5 17. Bf3 Kg7 18. f5 e5 19. f6+ Nxf6 20. gxf6+ Bxf6 21. Bh6+ Kxh6 22. Qxf6 Kh7 23. Bxh5 1-0

[Event "*** Titled Tuesday Blitz"]
[Site "Chess.com"]
[Date "2018.05.01"]
[Round "1"]
[White "jk13"]
[Black "DrZeiss"]
[Result "1-0"]
[WhiteElo "2522"]
[BlackElo "2199"]
[TimeControl "180+2"]
[EndTime "13:05:19 PDT"]
[Termination "jk13 won by resignation"]

1. e4 c5 2. c3 Nf6 3. e5 Nd5 4. Bc4 Nb6 5. Bb3 c4 6. Bc2 Nc6 7. Nf3 Qc7 8. Qe2 g6 9. O-O Bg7 10. Re1 O-O 11. Na3 Nd8 12. b3 cxb3 13. axb3 d6 14. Nb5 Qb8 15. exd6 exd6 16. Ba3 Bg4 17. Bxd6 Qc8 18. Bxf8 Bxf8 19. h3 Bd7 20. Nfd4 a6 21. Na3 Nd5 22. Qf3 Qc5 23. Nc4 Nc6 24. Nxc6 Bxc6 25.
Ne5 Be8 26. Be4 Rd8 27. Ng4 Kh8 28. Bxd5 Qxf2+ 29. Nxf2 1-0

[Event "*** Titled Tuesday Blitz"]
[Site "Chess.com"]
[Date "2018.05.01"]
[Round "1"]
[White "maciek_92"]
[Black "Mbneu"]
[Result "1-0"]
[WhiteElo "2584"]
[BlackElo "2281"]
[TimeControl "180+2"]
[EndTime "13:05:21 PDT"]
[Termination "maciek_92 won by resignation"]

1. c4 Nf6 2. Nc3 e6 3. e4 d5 4.
e5 Ne4 5. Nf3 c5 6. Bd3 Nxc3 7.
bxc3 Be7 8. O-O O-O 9. Qe2 Nc6 10. Bc2 dxc4 11. Qxc4 Qd5 12. Qe2 b6 13. Be4 Qd7 14. d3 Bb7 15. Ng5 g6 16. Nh3 Rfb8 17. Bf4 Bf8 18.
Bg3 Bg7 19. f4 Ne7 20. Ng5 Nd5 21. Rac1 Ba6 22. Rfd1 Rd8 23. c4 Nb4 24. Qf3 Rac8 25.
a3 h6 26. axb4 hxg5 27. b5 gxf4 28. Bxf4 Qd4+ 29. Be3 Qxe5 30. bxa6 Qc3 31. Rxc3 1-0

[Event "*** Titled Tuesday Blitz"]
[Site "Chess.com"]
[Date "2018.05.01"]
[Round "1"]
[White "ENEASZ"]
[Black "FearNoEvil12"]
[Result "1-0"]
[WhiteElo "2432"]
[BlackElo "1952"]
[TimeControl "180+2"]
[EndTime "13:05:21 PDT"]
[Termination "ENEASZ won by checkmate"]

1. e4 a6 2. d4 b5 3. Bd3 Bb7 4. Nf3 e6 5. O-O Nf6 6. Re1 d6 7. c3 Nbd7 8. Bg5 h6 9. Bh4 g5 10. Bg3 Rg8 11. e5 Nd5 12. Nbd2 h5 13. exd6 cxd6 14.
Ne4 Nf4 15. Bf1 h4 16. Bxf4 gxf4 17. d5 e5 18. c4 bxc4 19. Bxc4 Nf6 20. Nxf6+ Qxf6 21.
Qa4+ Ke7 22. Qb4 Bc8 23. Nxe5 Qg7 24. Ng6+ Kf6 25. Nxf4 Qg5 26. Qc3+ Kf5 27. Qd3+ Kf6 28.
Qd4+ Kf5 29. Bd3+ Kg4 30. h3# 1-0

[Event "*** Titled Tuesday Blitz"]
[Site "Chess.com"]
[Date "2018.05.01"]
[Round "1"]
[White "Kirill_Klukin"]
[Black "Entilza"]
[Result "1-0"]
[WhiteElo "2518"]
[BlackElo "2190"]
[TimeControl "180+2"]
[EndTime "13:05:23 PDT"]
[Termination "Kirill_Klukin won by resignation"]

1. Nf3 Nf6 2. c4 e6 3. Nc3 d5 4. d4 Be7 5. Bg5 O-O 6. e3 h6 7. Bh4 Ne4 8. Bxe7 Qxe7 9. Qc2 Nxc3 10. Qxc3 c6 11. Bd3 dxc4 12. Bxc4 Nd7 13. O-O e5 14. Nxe5 Nxe5 15. dxe5 Be6 16. Bxe6 Qxe6 17. Rfd1 Rfe8 18.
f4 Rad8 19. h3 Rxd1+ 20. Rxd1 Qxa2 21. Qb4 b6 22. Rd7 c5 23. Qc3 a5 24. Rb7 Qe6 25. Qd3 g6 26. Qe4 Kg7 27. Kh2 Rc8 28. Ra7 Qc6 29. Qc2 c4 30. Qc3 Qe6 31. Qd4 h5 32. Rb7 Rc6 33. Rd7 b5 34. Rd6 Rxd6 35. exd6+ Qf6 36. d7 1-0

[Event "*** Titled Tuesday Blitz"]
[Site "Chess.com"]
[Date "2018.05.01"]
[Round "1"]
[White "kleinebeer98"]
[Black "tomozupan"]
[Result "0-1"]
[WhiteElo "2462"]
[BlackElo "2141"]
[TimeControl "180+2"]
[EndTime "13:05:24 PDT"]
[Termination "tomozupan won by resignation"]

1. e4 e5 2. Nf3 Nc6 3. Nc3 Nf6 4.
a3 Be7 5. d4 exd4 6. Nxd4 O-O 7. Nxc6 dxc6 8. Bd3 Re8 9. O-O Bf8 10. e5 Nd5 11.
Nxd5 cxd5 12. f4 Qh4 13. g3 Qh3 14. Qf3 Bg4 15. Qxd5 Rad8 16. Qg2 Qh5 17. h4 Bc5+ 18. Kh2 f6 19. exf6 Rxd3 0-1

[Event "*** Titled Tuesday Blitz"]
[Site "Chess.com"]
[Date "2018.05.01"]
[Round "1"]
[White "Annawel"]
[Black "TST2014"]
[Result "1-0"]
[WhiteElo "2806"]
[BlackElo "2400"]
[TimeControl "180+2"]
[EndTime "13:05:35 PDT"]
[Termination "Annawel won by resignation"]

1. Nf3 d5 2. g3 c5 3. Bg2 Nc6 4. d4 Nf6 5. O-O Bg4 6. Ne5 Bf5 7. Nxc6 bxc6 8. dxc5 e6 9. Be3 Rb8 10. b3 Ne4 11. c4 Nxc5 12. Nc3 Be7 13. Rc1 Qa5 14. cxd5 cxd5 15. Nxd5 exd5 16. Bxc5 Bxc5 17. Qxd5 Bxf2+ 18. Rxf2 Qxd5 19. Bxd5 Bg6 20. Rc7 O-O 21. Rxa7 Rbd8 22.
e4 Kh8 23. Re7 f6 24. a4 Rfe8 25. Rxe8+ Rxe8 26. a5 Bxe4 27. Re2 f5 28. a6 h5 29. a7 Rd8 30. Rxe4 fxe4 31. a8=Q Rxa8 32. Bxa8 e3 33. Bf3 g6 34. Kf1 Kg7 35. Ke2 Kf6 36. Kxe3 Ke5 37. b4 1-0

[Event "*** Titled Tuesday Blitz"]
[Site "Chess.com"]
[Date "2018.05.01"]
[Round "1"]
[White "Vusatiuk_Vladimir"]
[Black "BrizuelaRonald"]
[Result "0-1"]
[WhiteElo "2187"]
[BlackElo "2517"]
[TimeControl "180+2"]
[EndTime "13:05:36 PDT"]
[Termination "BrizuelaRonald won on time"]

1. e4 e6 2. d4 d5 3. Nc3 Nf6 4. e5 Nfd7 5. f4 c5 6. Nf3 Nc6 7. Be3 Be7 8. Qd2 O-O 9. O-O-O c4 10. g4 b5 11. Nb1 b4 12. c3 Qa5 13. cxb4 Nxb4 14. Na3 Nxa2+ 15. Kb1 c3 16. Qc2 cxb2 17. Nb5 Rb8 18. Qxb2 Nc3+ 19. Kc2 Nxb5 20. Kd3 Ba6 0-1

[Event "*** Titled Tuesday Blitz"]
[Site "Chess.com"]
[Date "2018.05.01"]
[Round "1"]
[White "Blitzstream"]
[Black "jlucasvf"]
[Result "1-0"]
[WhiteElo "2490"]
[BlackElo "2120"]
[TimeControl "180+2"]
[EndTime "13:05:41 PDT"]
[Termination "Blitzstream won by resignation"]

1. g4 d5 2. Bg2 c6 3. g5 e5 4. d4 exd4 5. Qxd4 Nd7 6. Nc3 Bc5 7. Qxg7 Qb6 8. Qxh8 Bxf2+ 9. Kf1 Kf8 10. g6 hxg6 11. Nd1 Bxg1 12. Rxg1 Nf6 13. Bg5 Qd4 14. Bxf6 Qxf6+ 15.
Qxf6 Nxf6 16. Nf2 Bf5 17. c3 Re8 18. Bf3 Nd7 19. Nd3 Nb6 20. b3 Nd7 21. Kf2 Nf6 22. Rae1 Re7 23. h4 Ke8 24. Rg5 Be6 25. Nf4 Bd7 26. h5 gxh5 27. Nxh5 Ne4+ 28. Bxe4 1-0

[Event "*** Titled Tuesday Blitz"]
[Site "Chess.com"]
[Date "2018.05.01"]
[Round "1"]
[White "joejan"]
[Black "swayamsm"]
[Result "0-1"]
[WhiteElo "2158"]
[BlackElo "2507"]
[TimeControl "180+2"]
[EndTime "13:05:46 PDT"]
[Termination "swayamsm won by resignation"]

1. e4 e6 2. d3 d5 3. Nd2 b6 4. g3 Nf6 5. Bg2 Bc5 6. Ngf3 dxe4 7.
dxe4 Ba6 8. e5 Ng4 9. Ne4 Qxd1+ 10. Kxd1 Nxf2+ 11. Nxf2 Bxf2 12. Ng5 c6 13. Ne4 Bd4 14. Nd6+ Ke7 15. Bf4 Bxb2 16. Rb1 Bd4 17. Re1 Rd8 18. Kc1 h6 19. h4 Bc5 20. h5 Ba3+ 21. Kd1 f6 22. Rb3 fxe5 23. Rxa3 exf4 0-1

[Event "*** Titled Tuesday Blitz"]
[Site "Chess.com"]
[Date "2018.05.01"]
[Round "1"]
[White "eljanov"]
[Black "lucasmito"]
[Result "1-0"]
[WhiteElo "2666"]
[BlackElo "2349"]
[TimeControl "180+2"]
[EndTime "13:05:47 PDT"]
[Termination "eljanov won by resignation"]

1. c4 c6 2. Nf3 Nf6 3. g3 d5 4.
Bg2 g6 5. b3 Bg7 6. Bb2 O-O 7.
O-O Nbd7 8. d4 dxc4 9. bxc4 Nb6 10. Nbd2 h6 11. e4 Ne8 12. Qb3 c5 13. d5 Bd7 14.
Bxg7 Kxg7 15. a4 Qc7 16. a5 Nc8 17. e5 Rb8 18. Rfe1 Bf5 19. Nh4 b6 20. Nxf5+ gxf5 21. Qf3 e6 22. d6 Nexd6 23. exd6 Qxd6 24. Qc3+ Kg8 25. Nf3 Ne7 26. Rad1 Qc7 27. Qf6 Ng6 28. h4 Qe7 29. Qxe7 Nxe7 30. Ne5 Rfd8 31. Nd7 Rbc8 32.
Bb7 Rc7 33. Nf6+ Kg7 34. Nh5+ Kg6 35. Nf4+ Kf6 36. Rxd8 Rxb7 37. a6 Rc7 38. Rb8 Nc6 39.
Rb7 Rc8 40. Rd1 Nd4 41. Rxa7 Ke5 42. Rxf7 Ke4 43. Kg2 b5 44. Re1+ 1-0

[Event "*** Titled Tuesday Blitz"]
[Site "Chess.com"]
[Date "2018.05.01"]
[Round "1"]
[White "Alohamora11"]
[Black "GulamaliRises"]
[Result "0-1"]
[WhiteElo "2116"]
[BlackElo "2479"]
[TimeControl "180+2"]
[EndTime "13:05:51 PDT"]
[Termination "GulamaliRises won by checkmate"]

1. e4 c5 2. Nf3 e6 3. d4 cxd4 4.
Nxd4 a6 5. g3 b5 6. Bg2 Bb7 7. O-O Nc6 8. Nc3 Nxd4 9. Qxd4 Rc8 10.
Be3 f6 11. Rad1 Bc5 12. Qd2 Bxe3 13. Qxe3 Qc7 14. Rd2 Ne7 15. Rfd1 Bc6 16. Nd5 Qb7 17.
Nxe7 Kxe7 18. f4 Rhd8 19. Rd6 Kf7 20. R1d2 b4 21. g4 a5 22. g5 fxg5 23. fxg5 Kg8 24. g6 hxg6 25. e5 Bxg2 26. Rxg2 Rf8 27. Qd3 Rf7 28.
Rxg6 Rcf8 29. Rg2 Qa7+ 30. Kh1 Rf1+ 31. Rg1 Rxg1# 0-1

[Event "*** Titled Tuesday Blitz"]
[Site "Chess.com"]
[Date "2018.05.01"]
[Round "1"]
[White "Rokis13"]
[Black "blitzcopter"]
[Result "1-0"]
[WhiteElo "2468"]
[BlackElo "2061"]
[TimeControl "180+2"]
[EndTime "13:05:53 PDT"]
[Termination "Rokis13 won by resignation"]

1. e4 c6 2. Nc3 d5 3. d4 dxe4 4. Nxe4 Bf5 5. Ng3 Bg6 6. h4 h6 7. Nf3 Nd7 8. Bd3 Bxd3 9. Qxd3 e6 10. Bd2 Ngf6 11. O-O-O Be7 12. Nf1 Qc7 13. Qe2 c5 14. Kb1 c4 15. Ne3 b5 16. Rhe1 O-O 17. g4 Ne4 18. c3 Nxd2+ 19. Nxd2 Bxh4 20. Rh1 Bg5 21. Ne4 Bf4 22. g5 Rfd8 23. gxh6 Bxh6 24. Rdg1 Kf8 25.
Ng4 Qf4 26. Nxh6 gxh6 27. Rg4 Qf5 28. Rh5 Qh7 29. Rgh4 Nf6 30. Rxh6 Qf5 31. Rxf6 1-0

[Event "*** Titled Tuesday Blitz"]
[Site "Chess.com"]
[Date "2018.05.01"]
[Round "1"]
[White "Keaton87"]
[Black "PawnEatingZombie"]
[Result "1-0"]
[WhiteElo "2439"]
[BlackElo "2001"]
[TimeControl "180+2"]
[EndTime "13:06:01 PDT"]
[Termination "Keaton87 won by resignation"]

1. d4 d5 2. Nf3 Nf6 3. Bf4 c5 4. e3 Nc6 5. Be2 Bf5 6. O-O e6 7. c3 Qb6 8. Qb3 c4 9. Qxb6 axb6 10. Nbd2 b5 11. a3 h6 12. Ne5 Be7 13. f3 Bh7 14. g4 g5 15. Bg3 O-O 16. Kg2 Nxe5 17. Bxe5 Nd7 18. Bg3 Nb6 19. Bd1 f5 20. h3 Nd7 21. Bc2 f4 22. Bxh7+ Kxh7 23. exf4 gxf4 24. Bf2 Bf6 25. Rae1 Rae8 26. Re2 Re7 27. Rfe1 Rfe8 28. h4 Kg6 29. Kh3 e5 30. h5+ Kf7 31. Bh4 exd4 32.
Rxe7+ Rxe7 33. Rxe7+ Kxe7 34. cxd4 Nb6 35. Nb1 Na4 36. Nc3 Nxc3 37. bxc3 Ke6 38. Bxf6 Kxf6 39. Kh4 b6 40. g5+ hxg5+ 41. Kg4 b4 42. axb4 b5 43.
h6 Kg6 44. h7 Kxh7 45. Kxg5 1-0

[Event "*** Titled Tuesday Blitz"]
[Site "Chess.com"]
[Date "2018.05.01"]
[Round "1"]
[White "b_6"]
[Black "JSPrepz"]
[Result "0-1"]
[WhiteElo "2299"]
[BlackElo "2631"]
[TimeControl "180+2"]
[EndTime "13:06:04 PDT"]
[Termination "JSPrepz won by resignation"]

1. d4 Nf6 2. Bf4 d5 3. e3 c5 4. c3 Nc6 5. Nd2 Bf5 6. Ngf3 cxd4 7. exd4 e6 8. Qb3 Bd6 9. Qxb7 Bxf4 10. Qxc6+ Kf8 11.
Ba6 Rb8 12. Qa4 g5 13. Nb3 Ne4 14. O-O f6 15. Rad1 h5 16. g3 Bd6 17. h4 Bg4 18. Be2 gxh4 19. gxh4 Rg8 20. Kh1 f5 21. Ng5 Rxg5 22. hxg5 Qxg5 23. f4 Qh4+ 0-1

[Event "*** Titled Tuesday Blitz"]
[Site "Chess.com"]
[Date "2018.05.01"]
[Round "1"]
[White "vugarrasulov"]
[Black "GoingKronos"]
[Result "1-0"]
[WhiteElo "2740"]
[BlackElo "2379"]
[TimeControl "180+2"]
[EndTime "13:06:05 PDT"]
[Termination "vugarrasulov won by checkmate"]

1. e4 e6 2. d4 d5 3. Nd2 c5 4. exd5 exd5 5. Ngf3 a6 6. dxc5 Bxc5 7. Bd3 Qe7+ 8. Qe2 Bg4 9. h3 Bh5 10. O-O Nc6 11.
Qxe7+ Ngxe7 12. Nb3 Bb6 13. Be3 Bxe3 14. fxe3 O-O-O 15. Nfd4 f6 16. Ne6 Rdg8 17. Nbc5 Bf7 18.
a4 Ne5 19. Nd4 N7c6 20. Bf5+ Kb8 21. b4 Rd8 22. b5 axb5 23. axb5 Nxd4 24. exd4 Nc4 25.
b6 Nxb6 26. Rfb1 Rd6 27. Rb5 Bg6 28. Bxg6 hxg6 29. Re1 Rc8 30. c3 Rc7 31. Kf2 Nc4 32.
Re8+ Rc8 33. Rxb7+ Ka8 34. Rxc8# 1-0

[Event "*** Titled Tuesday Blitz"]
[Site "Chess.com"]
[Date "2018.05.01"]
[Round "1"]
[White "dolynachess"]
[Black "Angry_Twin"]
[Result "0-1"]
[WhiteElo "2370"]
[BlackElo "2702"]
[TimeControl "180+2"]
[EndTime "13:06:07 PDT"]
[Termination "Angry_Twin won by resignation"]

1. d4 Nf6 2. c4 g6 3. Nc3 d5 4. cxd5 Nxd5 5. e4 Nxc3 6. bxc3 Bg7 7. Bc4 c5 8. Ne2 O-O 9. O-O Nc6 10. Be3 Bd7 11. Rb1 Qc7 12. dxc5 Ne5 13. Bd5 Bc6 14. Nd4 Rad8 15. f4 e6 16. Bxc6 Nxc6 17. e5 Ne7 18.
Nb5 Qc6 19. Nd6 Nf5 20. Bf2 b6 21. cxb6 Nxd6 22. exd6 axb6 23. Rxb6 Qxc3 24. a4 Qc4 25. a5 Qxf4 26. a6 Rd7 27. Qd3 Rfd8 28. Rd1 h5 29. Kh1 Bf8 30. Bg3 Qa4 31. Rb7 Rxd6 32. Bxd6 Rxd6 33. Qxd6 Bxd6 34. Rf1 Qxa6 35. Rbxf7 Qe2 36.
R7f6 Be7 37. R6f2 Qe5 38. g3 Qd5+ 39. Rg2 Kg7 40. h4 g5 41. hxg5 Bxg5 42. Kh2 Kg6 43. Rgf2 e5 44. Rf8 e4 45. Rb8 Qd2+ 46. Kh3 Qd7+ 47. Kg2 e3 48. Rb6+ Kg7 49. Rfb1 Qd5+ 50.
Kh3 Qf5+ 51. Kg2 Qf2+ 52. Kh3 e2 53. Rb7+ Kg6 54. R7b6+ Bf6 55. Re6 Qf5+ 0-1

[Event "*** Titled Tuesday Blitz"]
[Site "Chess.com"]
[Date "2018.05.01"]
[Round "1"]
[White "Khamrakulov_Djurabek"]
[Black "TheNomNomFactor"]
[Result "1-0"]
[WhiteElo "2633"]
[BlackElo "2303"]
[TimeControl "180+2"]
[EndTime "13:06:12 PDT"]
[Termination "Khamrakulov_Djurabek won by resignation"]

1. e4 e5 2. Nf3 Nc6 3. d4 exd4 4.
Nxd4 Nf6 5. Nxc6 bxc6 6. e5 Qe7 7. Qe2 Nd5 8. c4 Nb6 9. b3 a5 10. g3 a4 11. Ba3 Qe6 12. Bg2 Bxa3 13. Nxa3 O-O 14. O-O d5 15. cxd5 cxd5 16. Nb5 Ba6 17. Rfe1 c6 18. Nc7 Bxe2 19. Nxe6 fxe6 20. Rxe2 axb3 21.
Rb2 Rxa2 22. Raxa2 bxa2 23. Rxa2 Nc4 24. f4 Rd8 25.
Bh3 Re8 26. Ra6 Kf7 27. Rxc6 g5 28. Kf2 gxf4 29. gxf4 Re7 30. Bg4 Na5 31. Ra6 Nb3 32.
Rc6 Nd4 33. Rb6 Kg7 34. Ke3 Nc2+ 35. Kd2 Nd4 36. Kd3 Nf5 37. Bxf5 exf5 38. Rf6 Ra7 39. Rxf5 Ra4 40. e6 Re4 41. Re5 Rxe5 42. fxe5 Kf8 43.
Kd4 Ke8 44. Kxd5 Ke7 45. h4 h5 46. Kd4 Kxe6 47. Ke4 Ke7 48. Kf5 Kf7 49. Kg5 Ke6 50. Kxh5 Kxe5 51. Kg6 1-0